 Dungeon Crawl Stone Soup version 0.31-a0-997-g9a2f3ffc92 (webtiles) character file.

Game seed: 14146829846065512681

3068 Arzdou the Prestidigitator (level 9, -10/68 HPs)
             Began as a Gnoll Wanderer on Nov 7, 2023.
             Was a Believer of Ru.
             Mangled by a two-headed ogre
             ... wielding a +0 giant club
              (13 damage)
             ... on level 8 of the Dungeon.
             The game lasted 00:12:15 (8468 turns).

Arzdou the Prestidigitator (Gnoll Wanderer)         Turns: 8468, Time: 00:12:16

Health: -10/68     AC: 18    Str: 17    XL:     9   Next: 88%
Magic:  16/16      EV:  9    Int: 12    God:    Ru [**....]
Gold:   381        SH:  8    Dex: 10    Spells: 17/17 levels left

rFire   . . .        j - +1 broad axe of Voudeof {venom, rPois}
rCold   . . .        q - +0 kite shield
rNeg    . . .        h - +0 scale mail
rPois   +            (no helmet)
rElec   .            v - +1 cloak
rCorr   .            (no gloves)
SInv    .            g - +0 pair of boots
Will    .....        (no amulet)
Stlth   +            n - +4 ring of protection
HPRegen 0.31/turn    o - +4 ring of protection
MPRegen 0.15/turn

%: no passive effects
@: no status effects
A: fangs 1, hated by all, strong nose, distributed training
a: Renounce Religion


You were on level 8 of the Dungeon.
You worshipped Ru.
Ru was pleased with you.
You visited 2 branches of the dungeon, and saw 10 of its levels.

You collected 463 gold pieces.
You spent 82 gold pieces at shops.

Inventory:

Hand Weapons
 a - a +0 quarterstaff
 j - the +1 broad axe of Voudeof (weapon) {venom, rPois}
   (You took it off an orc on level 3 of the Dungeon)

   rPois:     It protects you from poison
 C - the +6 flail "Gram" {freeze, rC+}
   (You found it on level 5 of the Dungeon)

   rC+:       It protects you from cold.
Armour
 e - a +0 leather armour
 g - a +0 pair of boots (worn)
 h - a +0 scale mail (worn)
 q - a +0 kite shield (worn)
 v - a +1 cloak (worn)
Magical Staves
 m - a staff of conjuration
Jewellery
 f - a ring of poison resistance
 k - a ring of positive energy
 n - a +4 ring of protection (left hand)
 o - a +4 ring of protection (right hand)
 x - a +6 ring of intelligence
 D - a ring of fire
Wands
 y - a wand of charming (7)
 B - a wand of roots (7)
 G - a wand of quicksilver (4)
Scrolls
 c - a scroll of fog
 i - 3 scrolls of enchant weapon
 t - a scroll of noise
 F - a scroll of torment {unknown}
 I - a scroll of teleportation {unknown}
 J - a scroll of poison
 K - 3 scrolls of silence {unknown}
Potions
 d - 3 potions of mutation
 l - 2 potions of curing
 p - 2 potions of brilliance
 r - a potion of ambrosia {unknown}
 s - 2 potions of attraction
 u - a potion of magic {unknown}
 w - a potion of heal wounds {unknown}
 z - 2 potions of enlightenment {unknown}
 A - 2 potions of haste {unknown}
 E - a potion of cancellation {unknown}
Miscellaneous
 b - a lightning rod (2/4) (quivered)


   Skills:
 + Level 5.4 Fighting
 + Level 4.7 Short Blades
 + Level 4.7 Long Blades
 + Level 4.7 Axes
 + Level 4.7 Maces & Flails
 + Level 4.7 Polearms
 + Level 6.7 Staves
 + Level 4.7 Ranged Weapons
 + Level 4.7 Throwing
 + Level 5.4 Armour
 + Level 5.4 Dodging
 + Level 5.3 Stealth
 + Level 4.7 Shields
 + Level 4.7 Unarmed Combat
 + Level 4.7 Spellcasting
 + Level 3.9 Conjurations
 + Level 3.9 Hexes
   Level 0.0 Summonings
 + Level 3.9 Necromancy
 + Level 3.9 Translocations
 + Level 3.9 Transmutations
 + Level 3.9 Fire Magic
 + Level 3.9 Ice Magic
 + Level 3.9 Air Magic
 + Level 3.9 Earth Magic
 + Level 3.9 Poison Magic
 + Level 5.9 Invocations
 + Level 8.2 Evocations
 + Level 4.3 Shapeshifting


You had 17 spell levels left.
You didn't know any spells.
Your spell library contained the following spells:

 Spells                   Type           Power      Damage    Failure   Level
 Ensorcelled Hibernation  Hex/Ice        24%        N/A       45%         2
 Jinxbite                 Hex            24%        N/A       45%         2
 Hailstorm                Conj/Ice       12%        3d5       69%         3
 Anguish                  Hex/Necr       6%         N/A       97%         4
 Summon Small Mammal      Summ           Unusable   N/A       N/A         1
 Summon Guardian Golem    Hex/Summ       Unusable   N/A       N/A         3
 Call Canine Familiar     Summ           Unusable   N/A       N/A         3
 Summon Ice Beast         Ice/Summ       Unusable   N/A       N/A         4
 Simulacrum               Ice/Necr       Unusable   N/A       N/A         6

Dungeon Overview and Level Annotations

Branches:
Dungeon (9/15)             Temple (1/1) D:5
   Lair: D:8-11         Orc: D:9-12

Altars:
Ashenzari
Cheibriados
Dithmenos
Elyvilon
Nemelex Xobeh
Okawaru
Qazlal
Ru
Trog
Uskayaw
Vehumet
Wu Jian
Xom
Zin
The Shining One

Shops:
D:2 [   D:7 ?

Annotations:
D:5 1 runed translucent door, Crazy Yiuf


Innate Abilities, Weirdness & Mutations

You have very sharp teeth.
You are hated by all.
Your uncanny sense of smell can sniff out nearby items.
Your experience applies equally to all skills.


Message History

The shadow hits you. You block the shadow's attack.
You slash the shadow!
The shadow is almost destroyed.
You block the shadow's attack.
You slash the shadow!
You destroy the shadow!
Unknown command.
You start resting.
HP restored.
Okay, then.
There is a stone staircase leading up here.
You climb upwards.
The two-headed ogre hits you with a +0 giant club!
The two-headed ogre hits you with a +0 giant club!!
There is a stone staircase leading down, spattered with blood here.
You barely miss the two-headed ogre. You block the two-headed ogre's attack.
The two-headed ogre hits you but does no damage.
You barely miss the two-headed ogre. The two-headed ogre closely misses you.
The two-headed ogre hits you with a +0 giant club!!
You hit the two-headed ogre.
The two-headed ogre is poisoned.
The two-headed ogre is lightly wounded.
You block the two-headed ogre's attack.
The two-headed ogre hits you with a +0 giant club!
* * * LOW HITPOINT WARNING * * *
You slash the two-headed ogre!
The two-headed ogre looks as sick as possible!
You bite the two-headed ogre.
The two-headed ogre is moderately wounded.
You block the two-headed ogre's attack. x2
You slash the two-headed ogre!
The two-headed ogre looks as sick as possible!
The two-headed ogre is heavily wounded.
The two-headed ogre hits you but does no damage.
The two-headed ogre hits you with a +0 giant club!
* * * LOW HITPOINT WARNING * * *
You barely miss the two-headed ogre.
The two-headed ogre is heavily wounded.
The two-headed ogre barely misses you.
The two-headed ogre hits you with a +0 giant club!
You die...

# #......## ....##♣...♣#...#...#
# #.......#.....##..P..##..##..#
#####...##...##♣..♣O.♣#.......
#....#...##..P.P..##......
#....## #♣.......♣#.....#
##.....# #..♣.♣.♣..#......
#......#############......#
#######..........................
.....#..........@................
.....###.......O.#.#..........###
.....##.........#####..........##
..##.............## ##.....#.....
#####.............###......#.....
# #..)...........###........... #
##........###...#....###.....
#..........#.......## #.....
###................## #.....


You could see a two-headed ogre (extremely poisoned).

Vanquished Creatures
  An ugly thing (D:8)
  A shadow (D:9)
  A wyvern (D:7)
  A steam dragon (D:7)
  Menkaure (D:4)
  2 water moccasins (D:7)
  2 black bears
  2 ogres (D:5)
  4 centaurs
  4 bullfrogs
  3 scorpions
  A gnoll sergeant (D:8)
  5 killer bees
  2 hounds (D:5)
  3 jellies
  2 orc priests (D:4)
  An iguana (D:6)
  7 orc wizards
  4 gnolls (D:8)
  5 adders
  A worm (D:2)
  17 orcs
  8 endoplasms
  2 giant cockroaches (D:1)
  5 goblins
  6 hobgoblins
  6 jackals
  A quokka (D:4)
  3 ball pythons
  3 bats
  3 frilled lizards
  5 kobolds
  5 rats
117 creatures vanquished.

Notes
Turn   | Place    | Note
-------+----------+-------------------------------------------
     0 | D:1      | Arzdou the Gnoll Wanderer began the quest for the Orb.
     0 | D:1      | Arzdou set off with the following items: a +0 quarterstaff,
                  | a lightning rod (4/4), a scroll of fog, a potion of
                  | mutation, a +0 leather armour.
     0 | D:1      | Reached XP level 1. HP: 17/17 MP: 2/2
    90 | D:1      | Reached XP level 2. HP: 23/23 MP: 3/3
   807 | D:2      | Reached XP level 3. HP: 28/28 MP: 4/4
  1096 | D:2      | Found Hikyach's Antique Armour Emporium.
  1192 | D:2      | Found a glowing golden altar of the Shining One.
  1766 | D:3      | Reached skill level 1 in Short Blades
  1766 | D:3      | Reached skill level 1 in Long Blades
  1766 | D:3      | Reached skill level 1 in Axes
  1766 | D:3      | Reached skill level 1 in Maces & Flails
  1766 | D:3      | Reached skill level 1 in Polearms
  1766 | D:3      | Reached skill level 1 in Ranged Weapons
  1766 | D:3      | Reached skill level 1 in Throwing
  1766 | D:3      | Reached skill level 1 in Shields
  1766 | D:3      | Reached skill level 1 in Unarmed Combat
  1766 | D:3      | Reached skill level 1 in Spellcasting
  1928 | D:3      | Reached XP level 4. HP: 34/34 MP: 6/6
  1963 | D:3      | Identified the +1 broad axe of Voudeof {venom, rPois}
  1967 | D:3      | Reached skill level 1 in Shapeshifting
  2154 | D:3      | Found a hazy altar of Hepliaklqana.
  2360 | D:3      | Reached skill level 1 in Conjurations
  2360 | D:3      | Reached skill level 1 in Hexes
  2360 | D:3      | Reached skill level 1 in Summonings
  2360 | D:3      | Reached skill level 1 in Necromancy
  2360 | D:3      | Reached skill level 1 in Translocations
  2360 | D:3      | Reached skill level 1 in Transmutations
  2360 | D:3      | Reached skill level 1 in Fire Magic
  2360 | D:3      | Reached skill level 1 in Ice Magic
  2360 | D:3      | Reached skill level 1 in Air Magic
  2360 | D:3      | Reached skill level 1 in Earth Magic
  2360 | D:3      | Reached skill level 1 in Poison Magic
  2896 | D:4      | Noticed Menkaure
  2904 | D:4      | Killed Menkaure
  2905 | D:4      | Reached XP level 5. HP: 15/41 MP: 7/7
  3054 | D:4      | Found a broken altar of Ashenzari.
  3089 | D:4      | Reached XP level 6. HP: 22/47 MP: 8/8
  3380 | D:4      | Reached skill level 5 in Staves
  3687 | D:4      | Found a glowing golden altar of the Shining One.
  3745 | D:5      | Entered Level 5 of the Dungeon
  3877 | D:5      | Reached XP level 7. HP: 45/52 MP: 10/10
  3938 | D:5      | Reached skill level 7 in Evocations
  4066 | D:5      | Identified the +6 flail "Gram" {freeze, rC+}
  4205 | D:5      | Found a runed translucent door.
  4206 | D:5      | Noticed Crazy Yiuf
  4255 | D:5      | Found a staircase to the Ecumenical Temple.
  4265 | Temple   | Entered the Ecumenical Temple
  4290 | Temple   | Became a worshipper of Ru the Awakened
  4353 | D:5      | Found a basalt altar of Yredelemnul.
  5168 | D:6      | Found a bloodstained altar of Trog.
  5320 | D:6      | Reached XP level 8. HP: 49/60 MP: 12/12
  6112 | D:7      | Found Jeeprig's Magic Scroll Emporium.
  6120 | D:7      | Bought a scroll of blinking for 82 gold pieces
  6459 | D:7      | Reached skill level 5 in Invocations
  6481 | D:7      | Gained mutation: You are hated by all. [Ru sacrifice]
  6481 | D:7      | Reached * piety under Ru
  6481 | D:7      | Reached ** piety under Ru
  6518 | D:7      | Reached XP level 9. HP: 58/66 MP: 14/14
  6886 | D:7      | Found a shadowy altar of Dithmenos.
  7010 | D:7      | Reached skill level 5 in Fighting
  7010 | D:7      | Reached skill level 5 in Armour
  7010 | D:7      | Reached skill level 5 in Dodging
  7456 | D:8      | Reached skill level 5 in Stealth
  7694 | D:8      | HP: 3/68 [gnoll sergeant/+0 trident (10)]
  7700 | D:8      | Reached skill level 8 in Evocations
  8142 | D:8      | Noticed a cyan ugly thing
  8142 | D:8      | Noticed a six-headed hydra
  8158 | D:8      | Killed a cyan ugly thing
  8164 | D:8      | Noticed a two-headed ogre
  8467 | D:8      | HP: 3/68 [two-headed ogre/+0 giant club (15)]
  8468 | D:8      | Mangled by a two-headed ogre

Illustrated notes

Levels and vault maps discovered:
D:1:      minmay_arrival_four_houses, layout_basic, hangedman_decor_points
D:2:      layout_basic, serial_co_window_serial, co_window_corner_a,
          co_window_corner_a, co_window_of_opportunity_a, co_window_paths_a,
          co_window_paths_a, co_window_unsneaky_path_a,
          co_window_of_opportunity_c, co_window_2corner, co_window_2corner,
          basic_altar, serial_shops, nicolae_shop_hallway_stairs
D:3:      layout_loops_corners, nicolae_hepliaklqana_hazy_memory,
          amcnicky_mini_pool_small
D:4:      layout_rooms, nicolae_tso_swordbearing_angel, lemuel_doored_altar,
          serial_curves, eino_curves_02, eino_curves_02, eino_curves_01,
          eino_curves_01, uniq_menkaure
D:5:      layout_basic, mainiacjoe_overflow_paths,
          minmay_temple_entry_statues_pillars, minmay_increasing_density,
          uniq_crazy_yiuf_cottage
D:6:      layout_loops_ring, nicolae_overflow_crystal_walls
D:7:      layout_loops_ring, mainiacjoe_overflow_cross_hatched, serial_shops,
          shop
D:8:      minmay_the_grid_triangle_9x9_rhombus_thin
          [minmay_the_grid_triangle_9x9_swiss_cheese,
          minmay_the_grid_triangle_9x9_prize_center,
          minmay_the_grid_triangle_9x9_shrine,
          minmay_the_grid_triangle_9x9_warning], layout_cave_pools,
          minmay_misc_feat_square, kennysheep_pointless_box
D:9:      layout_small_grid, mainiacjoe_overflow_swirl, lemuel_crystal_altar,
          mainiacjoe_overflow_tiny_flanked, david_lair_generic
Temple:   minmay_temple_bridge_abc

Skill      XL: |  1  2  3  4  5  6  7  8  9 |
---------------+----------------------------+-----
Short Blades   | 1 2 3 4 |  4.7
Long Blades    | 1 2 3 4 |  4.7
Axes           | 1 2 3 4 |  4.7
Maces & Flails | 1 2 3 4 |  4.7
Polearms       | 1 2 3 4 |  4.7
Ranged Weapons | 1 2 3 4 |  4.7
Throwing       | 1 2 3 4 |  4.7
Shields        | 1 2 3 4 |  4.7
Unarmed Combat | 1 2 3 4 |  4.7
Spellcasting   | 1 2 3 4 |  4.7
Shapeshifting  | 1 2 3 4 |  4.3
Conjurations   | 1 2 3 |  3.9
Hexes          | 1 2 3 |  3.9
Summonings     | 1 2 0 |  0.0
Necromancy     | 1 2 3 |  3.9
Translocations | 1 2 3 |  3.9
Transmutations | 1 2 3 |  3.9
Fire Magic     | 1 2 3 |  3.9
Ice Magic      | 1 2 3 |  3.9
Air Magic      | 1 2 3 |  3.9
Earth Magic    | 1 2 3 |  3.9
Poison Magic   | 1 2 3 |  3.9
Fighting       | 3 4 5 |  5.4
Armour         | 3 4 5 |  5.4
Dodging        | 3 4 5 |  5.4
Invocations    | 3 4 5 |  5.9
Stealth        | 3 4 5 |  5.3
Staves         | 5 6 |  6.7
Evocations     | 7 8 |  8.2

Action                     |  1- 3 |  4- 6 |  7- 9 || total
---------------------------+-------+-------+-------++-------
  Melee: Quarterstaff      |    90 |    28 |       ||   118
         Bite              |     2 |    10 |    23 ||    35
         Broad axe         |       |    95 |   242 ||   337
 Invoke: Sacrifice Love    |       |       |     1 ||     1
  Evoke: Lightning rod     |       |       |     4 ||     4
         Wand              |       |       |     1 ||     1
    Use: Scroll            |       |     2 |     7 ||     9
         Potion            |       |     2 |     2 ||     4
   Stab: Distracted        |     1 |       |       ||     1
 Armour: Leather armour    |     4 |       |       ||     4
         Scale mail        |    53 |   124 |   295 ||   472
  Dodge: Dodged            |    46 |    46 |   146 ||   238
  Block: Kite shield       |       |    43 |   138 ||   181

Table legend: (Time is in decaauts)
 A = Elapsed time spent in this place.
 B = Non-inter-level travel time spent in this place.
 C = Inter-level travel time spent in this place.
 D = Time resting spent in this place.
 E = Time spent auto-exploring this place.
 F = Levels seen in this place.
 G = Mean time per level.
                   A        B        C        D        E       F      G
               +--------+--------+--------+--------+--------+-----+--------+
         Total |   8683 |   8361 |    322 |    768 |   6288 |  10 |  868.3 |
       Dungeon |   8632 |   8358 |    274 |    768 |   6288 |   9 |  959.1 |
        Temple |     50 |      2 |     48 |      0 |      0 |   1 |   50.0 |
               +--------+--------+--------+--------+--------+-----+--------+

Top non-repeatable levels by time:
     D:5: 1406 daAuts
     D:7: 1260 daAuts
     D:3: 1185 daAuts
     D:8: 1060 daAuts
     D:4: 1039 daAuts
     D:2: 884 daAuts
     D:6: 822 daAuts
     D:1: 701 daAuts
     D:9: 273 daAuts
  Temple: 50 daAuts
